 Dungeon Sprint DCSS version 0.23-a0-143-g1adec7b (webtiles) character file.

3987 Faca the Grappler (level 10, -16/82 HPs)
             Began as a Troll Fighter on Sept 1, 2018.
             Was the Champion of the Shining One.
             Killed from afar by a deep elf sorcerer (27 damage)
             ... with a bolt of acid
             ... in the Dungeon (Sprint V: "Ziggurat Sprint").
             The game lasted 00:05:06 (513 turns).

Faca the Grappler (Troll Fighter)                    Turns: 513, Time: 00:05:06

Health: -16/82     AC: 15    Str: 41    XL:     10   Next: 3%
Magic:  11/11      EV:  8    Int:  4    God:    the Shining One [******]
Gold:   0          SH: 16    Dex:  9    Spells: 9/9 levels left

rFire    . . .     SeeInvis .     - Unarmed
rCold    . . .     Gourm    +   n - +3 shield
rNeg     + + +     Faith    .   l - +5 storm dragon scales
rPois    .         Spirit   .   (helmet restricted)
rElec    +         Reflect  .   (no cloak)
rCorr    .         Harm     .   (gloves unavailable)
MR       .....     Rnd*Rage +   (boots unavailable) Stlth ..........NoTele +
                                (no amulet)
HPRegen  0.63/turn              H - +6 ring of strength
MPRegen  0.12/turn              G - +6 ring of strength

@: lethally poisoned (-16 -> -55), glowing, studying Shields
A: large, unfitting armour, claws 3, yellow scales 1, berserk 1, blurry vision
1, deformed body, fast metabolism 3, frail 3, gourmand, regeneration 1, shaggy
fur 1, tough skin 2
a: Divine Shield, Cleansing Flame, Summon Divine Warrior, Brand Weapon With Holy
Wrath, Renounce Religion


You were in the Dungeon.
You worshipped the Shining One.
The Shining One was exalted by your worship.
You were completely stuffed.

You visited 1 branch

Inventory:

Hand Weapons
 J - the +8 lance "Wyrmbane" {slay drac, rPois rF+ rC+ AC+3}
   (You found it in the Dungeon)

   It affects your AC (+3).
   It protects you from fire.
   It protects you from cold.
   It protects you from poison.
Armour
 k - +5 gold dragon scales
 l - +5 storm dragon scales (worn)
 m - a +3 large shield
 n - a +3 shield (worn)
 I - the +18 shield of the Gong {rElec rN+ MR+ EV-5}
   (You found it in the Dungeon)

   It affects your evasion (-5).
   It insulates you from electricity.
   It protects you from negative energy.
   It affects your resistance to hostile enchantments.
Jewellery
 p - an uncursed ring of protection from cold
 D - a +6 ring of dexterity
 F - a +6 ring of intelligence
 G - a +6 ring of strength (right claw)
 H - a +6 ring of strength (left claw)
Wands
 z - a wand of disintegration (7)
 A - a wand of iceblast (7)
 B - a wand of acid (7)
Scrolls
 a - 3 scrolls of brand weapon
 j - 4 scrolls of blinking
 u - 7 scrolls of fog
 v - a scroll of holy word
 w - 5 scrolls of identify
 x - 5 scrolls of remove curse
 y - 2 scrolls of fear
Potions
 c - 6 potions of might
 e - 10 potions of curing
 f - 10 potions of heal wounds
 g - 6 potions of haste
 h - 7 potions of magic
 i - 3 potions of berserk rage
 o - 2 potions of brilliance
 q - 4 potions of resistance
 s - 5 potions of agility
Books
 b - a manual of Shields
Comestibles
 d - 8 rations
 r - 2 chunks of flesh


   Skills:
 + Level 12.8 Fighting
 - Level 2.4 Dodging
 + Level 11.0 Shields
 + Level 14.7 Unarmed Combat
 + Level 3.0 Invocations


You had 9 spell levels left.
You didn't know any spells.
Your spell library was empty.

Dungeon Overview and Level Annotations

Branches:
Dungeon (1/1)

Altars:
Ashenzari
Cheibriados
Dithmenos
Elyvilon
Fedhas
Gozag
Hepliaklqana
Kikubaaqudgha
Makhleb
Nemelex Xobeh
Okawaru
Qazlal
Ru
Sif Muna
Trog
Uskayaw
Vehumet
Wu Jian
Xom
Yredelemnul
Zin
The Shining One
Beogh
Jiyva
Lugonu


Innate Abilities, Weirdness & Mutations

You are too large for most types of armour.
You have claws for hands.
Your metabolism is lightning-fast.
You like to eat raw meat.
Your natural rate of healing is unusually fast.
You are covered in fur. (AC +1)
You have very tough skin. (AC +2)
You are partially covered in yellow scales. (AC +2)
You tend to lose your temper in combat.
Scrolls take you a little longer to read.
Armour fits poorly on your strangely shaped body.
You are extremely frail. (-30% HP)


Message History

The deep elf sorcerer points at you and mumbles some strange words.
The orange demon stings you.
* * * LOW HITPOINT WARNING * * *
The orange demon hits you but does no damage.
The tarantella bites you but does no damage.
You completely miss the orange demon.
The orange demon is heavily wounded.
You feel less confused.
* * * LOW HITPOINT WARNING * * *
You feel very sick.
You block the trident of venom's attack.
The deep elf sorcerer points at you and mumbles some strange words.
The deep elf knight mumbles some strange words.
The deep elf knight seems to speed up.
The deep elf mage mumbles some strange words.
You block the tarantella's attack. You block the orange demon's attack.
The orange demon hits you but does no damage.
The deep elf sorcerer gestures at you while chanting.
The bolt of acid hits you!
You die...

▓..):)[[..▓
▓...)[}|..▓
▓.........▓
▓.........▓
▓.....44se▓
▓.....E(.4▓
▓.▓...es▓4▓
▓....eee@.▓
▓▓▓▓▓▓▓▓▓▓▓


You could see a deep elf sorcerer, an orange demon, a deep elf knight, an earth
elemental, a hellwing, a rust devil, 3 deep elf magi, a red devil, a tarantella
and a trident of venom.

Vanquished Creatures
  A fire crab (shapeshifter) (D)
  A shining eye (D)
  A smoke demon (D)
  A slime creature (D)
  A blink frog (D)
  A fire elemental (D)
  A basilisk (shapeshifter) (D)
  2 basilisks (D)
  A chaos spawn (D)
  4 neqoxecs (D)
  2 water moccasins (D)
  2 floating eyes (D)
  3 porcupines (D)
  A phantom (D)
  An eye of draining (D)
  A necrophage (D)
  A bullfrog (D)
  A crimson imp (D)
  A jelly (D)
  An orc priest (D)
  3 iron imps (D)
  3 iguanas (D)
  An ufetubus (D)
  An ooze (D)
  An adder skeleton (D)
  4 orcs (D)
  A bat skeleton (D)
  A bat zombie (D)
  A jackal (D)
  A leopard gecko skeleton (D)
45 creatures vanquished.

Vanquished Creatures (others)
  An ufetubus (D)
1 creature vanquished.

Grand Total: 46 creatures vanquished

Notes
Turn   | Place    | Note
-------+----------+-------------------------------------------
     0 | D        | Found the +6 Majin-Bo {vamp, Archmagi MP+6 Int+6}
     0 | D        | Found the +7 great mace "Firestarter" {inner flame, rF++}
     0 | D        | Faca the Troll Fighter began the quest for the Orb.
     0 | D        | Reached XP level 1. HP: 22/22 MP: 0/0
     3 | D        | Found a blossoming altar of Fedhas.
     7 | D        | Found a deep blue altar of Sif Muna.
     7 | D        | Found a sacrificial altar of Ru.
     7 | D        | Found a bloodstained altar of Trog.
     7 | D        | Found a stormy altar of Qazlal.
     7 | D        | Found an iron altar of Okawaru.
     7 | D        | Found a sparkling altar of Nemelex Xobeh.
     9 | D        | Found a transporter.
     9 | D        | Found an ancient bone altar of Kikubaaqudgha.
     9 | D        | Found a viscous altar of Jiyva.
     9 | D        | Found a corrupted altar of Lugonu.
     9 | D        | Found a hazy altar of Hepliaklqana.
     9 | D        | Found a burning altar of Makhleb.
     9 | D        | Found an opulent altar of Gozag.
    24 | D        | Found the +9 heavy crossbow "Sniper" {velocity, Acc+∞ SInv}
    24 | D        | Found the +10 dark maul {crush}
    24 | D        | Found the +15 Maxwell's patent armour {-Cast -Tele rElec
                  | MR+ rCorr}
    24 | D        | Found the +18 shield of the Gong {rElec rN+ MR+ EV-5}
    24 | D        | Found the cursed +14 obsidian axe {chop, +Fly SInv *Curse}
    26 | D        | Found the +6 shillelagh "Devastator" {shatter}
    26 | D        | Found the +11 plutonium sword {*Contam Stlth-}
    26 | D        | Found the +8 lance "Wyrmbane" {slay drac, rPois rF+ rC+
                  | AC+3}
    26 | D        | Found the +9 sword of Zonguldrok {reap}
    26 | D        | Found the cursed +13 scythe of Curses {drain, *Curse}
    26 | D        | Found the +0 sword of Power
    26 | D        | Found the +7 mace of Variability {chain chaos}
    26 | D        | Found the +7 Singing Sword
    26 | D        | Found the +7 longbow "Piercer" {penet, EV-2}
    37 | D        | Became a worshipper of the Shining One
    72 | D        | Reached skill level 5 in Fighting
    72 | D        | Reached skill level 5 in Unarmed Combat
    72 | D        | Reached XP level 2. HP: 35/35 MP: 1/1
    80 | D        | Entered arena 2.
    80 | D        | Noticed a slime creature
    80 | D        | Noticed a floating eye
    80 | D        | Found a transporter.
    83 | D        | Killed a floating eye
    83 | D        | Reached skill level 7 in Unarmed Combat
    83 | D        | Reached XP level 3. HP: 45/45 MP: 2/2
    83 | D        | Reached XP level 4. HP: 53/53 MP: 3/3
    95 | D        | Killed a slime creature
    95 | D        | Reached skill level 9 in Unarmed Combat
    95 | D        | Reached XP level 5. HP: 31/66 MP: 4/4
    95 | D        | Reached XP level 6. HP: 35/74 MP: 5/5
   162 | D        | Entered arena 3.
   162 | D        | Reached * piety under the Shining One
   162 | D        | Reached ** piety under the Shining One
   162 | D        | Found a transporter.
   170 | D        | Reached skill level 10 in Unarmed Combat
   182 | D        | Reached *** piety under the Shining One
   185 | D        | Entered arena 4.
   185 | D        | Noticed a porcupine
   185 | D        | Noticed a porcupine
   185 | D        | Found a transporter.
   188 | D        | Killed a porcupine
   188 | D        | Reached skill level 11 in Unarmed Combat
   188 | D        | Reached XP level 7. HP: 84/84 MP: 6/6
   189 | D        | Reached skill level 10 in Fighting
   214 | D        | Entered arena 5.
   214 | D        | Reached **** piety under the Shining One
   214 | D        | Found a transporter.
   217 | D        | Reached skill level 12 in Unarmed Combat
   228 | D        | Entered arena 6.
   228 | D        | Found a transporter.
   244 | D        | Entered arena 7.
   244 | D        | Noticed a basilisk
   244 | D        | Reached ***** piety under the Shining One
   244 | D        | Noticed a neqoxec
   244 | D        | Noticed a fire crab
   244 | D        | Noticed a neqoxec
   244 | D        | Noticed a shining eye
   244 | D        | Noticed a neqoxec
   244 | D        | Gained mutation: You are partially covered in yellow
                  | scales. (AC +2) [a neqoxec]
   247 | D        | Found a transporter.
   250 | D        | Gained mutation: You are frail. (-10% HP) [a neqoxec]
   251 | D        | Killed a shining eye
   251 | D        | Reached skill level 5 in Shields
   251 | D        | Reached XP level 8. HP: 82/87 MP: 4/7
   253 | D        | Gained mutation: You are very frail. (-20% HP) [a neqoxec]
   254 | D        | Gained mutation: You are extremely frail. (-30% HP) [a
                  | neqoxec]
   259 | D        | Gained mutation: Scrolls take you a little longer to read.
                  | [a neqoxec]
   261 | D        | Reached skill level 13 in Unarmed Combat
   261 | D        | Gained mutation: Armour fits poorly on your strangely
                  | shaped body. [a neqoxec]
   262 | D        | Reached ****** piety under the Shining One
   268 | D        | Gained mutation: You tend to lose your temper in combat. [a
                  | neqoxec]
   276 | D        | Killed a fire crab
   276 | D        | Reached XP level 9. HP: 15/74 MP: 8/8
   372 | D        | Entered arena 8.
   372 | D        | Noticed a smoke demon
   377 | D        | Found a transporter.
   384 | D        | Killed a smoke demon
   384 | D        | Reached skill level 14 in Unarmed Combat
   392 | D        | Reached skill level 10 in Shields
   408 | D        | Entered arena 9.
   409 | D        | Found the +10 zealot's sword {holy, *Rage rN+ EV+3}
   411 | D        | Found a transporter.
   432 | D        | Entered arena 10.
   445 | D        | Reached skill level 1 in Invocations
   467 | D        | Found a transporter.
   501 | D        | Entered arena 11.
   501 | D        | Noticed a deep elf mage
   501 | D        | Noticed a deep elf mage
   501 | D        | Noticed a deep elf knight
   501 | D        | Noticed a deep elf mage
   501 | D        | Noticed a deep elf mage
   501 | D        | Noticed a deep elf sorcerer
   501 | D        | Noticed a trident of venom
   502 | D        | Noticed a red devil
   502 | D        | Noticed a demonic crawler
   503 | D        | Noticed a rust devil
   504 | D        | Noticed an orange demon
   507 | D        | Reached XP level 10. HP: 70/82 MP: 11/11
   513 | D        | Killed from afar by a deep elf sorcerer

Vault maps used:
D:        sprint_v

Skill      XL: |  1  2  3  4  5  6  7  8  9 |
---------------+----------------------------+-----
Fighting       | 5 6 8 9 11 12 | 12.8
Unarmed Combat | 5 7 9 11 12 13 14 | 14.7
Shields        | 5 9 11 | 11.0
Invocations    | 3 |  3.0
Dodging        | |  2.4

Action                   |  1- 3 |  4- 6 |  7- 9 | 10-12 || total
-------------------------+-------+-------+-------+-------++-------
Melee: Unarmed           |     2 |    26 |    75 |     5 ||   108
  Use: Potion            |     1 |       |       |       ||     1
  Eat: Chunk             |       |       |    10 |       ||    10
Armor: Storm dragon scal |       |     8 |   168 |    12 ||   188
Dodge: Dodged            |       |     3 |    24 |     3 ||    30
Block: Shield            |       |    10 |    88 |    11 ||   109

Table legend:
 A = Non-vault XP
 B = Vault XP
 C = Vault XP percentage of total XP
 D = Non-vault monster count
 E = Vault monster count
 F = Vault count percentage of total count
                 A         B        C        D         E       F
            +---------+---------+-------+---------+---------+-------
      Total |       0 |    5685 | 100.0 |       0 |      45 | 100.0
            +---------+---------+-------+---------+---------+-------
          D |       0 |    5685 | 100.0 |       0 |      45 | 100.0
            +---------+---------+-------+---------+---------+-------
